 Dungeon Crawl Stone Soup version 0.29.1-13-g9f3cf754e1 (webtiles) character file.

Game seed: 14436990456072834267

598 Descartes the Shield-Bearer (level 7, -3/55 HPs)
             Began as a Formicid Fighter on Feb 2, 2023.
             Slain by an ogre
             ... wielding a +0 giant club
              (16 damage)
             ... on level 5 of the Dungeon.
             The game lasted 00:07:02 (4368 turns).

Descartes the Shield-Bearer (Formicid Fighter)      Turns: 4368, Time: 00:07:02

Health: -3/55      AC: 12    Str: 23    XL:     7   Next: 68%
Magic:  0/11       EV:  7    Int:  7    God:
Gold:   200        SH:  5    Dex: 13    Spells: 11/11 levels left

rFire   . . .      SeeInvis +   a - +0 war axe
rCold   . . .      Faith    .   c - +0 buckler
rNeg    . . .      Spirit   +   q - +0 chain mail
rPois   .          Reflect  .   (helmet unavailable)
rElec   .          Harm     .   w - +0 cloak
rCorr   .          Rampage  .   (no gloves)
Will    .....                   C - +0 pair of boots
Stlth   ..........              i - amulet of guardian spirit
HPRegen 0.18/turn               g - +4 ring of slaying
MPRegen 0.12/turn               (no ring)

@: no status effects
A: permanent stasis, dig shafts and tunnels, antennae 3, four strong arms
a: Dig, Shaft Self


You were on level 5 of the Dungeon.
You visited 1 branch of the dungeon, and saw 5 of its levels.
You also visited: Sewer.

You collected 200 gold pieces.

Inventory:

Hand Weapons
 a - a +0 war axe (weapon)
 p - a +1 flail of protection
Missiles
 e - 10 boomerangs
 v - 14 poisoned darts
 y - 5 javelins
Armour
 c - a +0 buckler (worn)
 q - a +0 chain mail (worn)
 w - a +0 cloak (worn)
 C - a +0 pair of boots (worn)
Jewellery
 g - a +4 ring of slaying (left hand)
 i - an amulet of guardian spirit (around neck)
 D - a ring of resist corrosion
 E - a ring of willpower
 G - the ring "Kulitos" {rC+ rN+ SInv}
   (You found it on level 4 of the Dungeon)

   [ring of protection from cold]

   rC:        It protects you from cold.
   rN:        It protects you from negative energy.
   SInv:      It lets you see invisible.
Wands
 o - a wand of roots (6)
Scrolls
 h - 2 scrolls of enchant armour {unknown}
 j - 5 scrolls of identify {unknown}
 k - 3 scrolls of teleportation
 m - a scroll of brand weapon {unknown}
 n - a scroll of torment {unknown}
 s - 3 scrolls of enchant weapon {unknown}
 t - a scroll of fear {unknown}
 x - 2 scrolls of immolation {unknown}
 F - a scroll of magic mapping
 J - a scroll of noise {unknown}
Potions
 b - a potion of resistance {unknown}
 d - a potion of might
 f - 2 potions of curing {unknown}
 l - 4 potions of heal wounds {unknown}
 r - 2 potions of cancellation {unknown}
 u - 2 potions of haste {unknown}
 z - 2 potions of invisibility {unknown}
 A - 2 potions of berserk rage {unknown}
 B - 3 potions of ambrosia {unknown}
 H - a potion of mutation {unknown}
 I - a potion of attraction {unknown}


   Skills:
 + Level 4.7 Fighting
 + Level 3.7 Axes
 + Level 4.8 Armour
 + Level 5.8 Shields
 + Level 2.7 Spellcasting
 + Level 2.9 Evocations


You had 11 spell levels left.
You didn't know any spells.
Your spell library contained the following spells:

 Spells                   Type           Power      Damage    Failure   Level
 Foxfire                  Conj/Fire      0%         2x1d4     97%         1
 Magic Dart               Conj           0%         1d3       97%         1
 Call Imp                 Summ           0%         N/A       99%         2
 Conjure Flame            Conj/Fire      0%         6-21      100%        3
 Inner Flame              Hex/Fire       0%         N/A       100%        3
 Mephitic Cloud           Conj/Pois/Air  0%         N/A       100%        3
 Flame Wave               Conj/Fire      0%         2d4       100%        4


Dungeon Overview and Level Annotations

Branches:
Dungeon (5/15)              Sewer (visited)
 Temple: D:4-7

Altars:
Hepliaklqana
Ru
Vehumet
Yredelemnul
Zin


Innate Abilities, Weirdness & Mutations

You cannot be hasted, slowed, berserked, paralysed or teleported.
You can dig through walls and to a lower floor.
You have a pair of large antennae on your head. (SInv)
Your four strong arms can wield two-handed weapons with a shield.


Message History

The hound is almost dead.
You block the hound's attack. The ogre hits you but does no damage.
You closely miss the hound.
The hound is almost dead.
You closely miss the ogre. The hound bites you but does no damage.
The hound barely misses you.
The hound pauses to sniff the ground.
You block the hound's attack.
You closely miss the hound.
The hound is almost dead.
You barely miss the ogre.
The ogre hits you with a +0 giant club!!
The hound barely misses you. The adder barely misses you.
You slash the hound!
You kill the hound!
You slash the adder!
You kill the adder!
You slash the ogre!
The ogre hits you with a +0 giant club!!
You are too injured to fight recklessly!
You are too injured to fight recklessly!
You are too injured to fight recklessly!
You are too injured to fight recklessly!
You are too injured to fight recklessly!
You are too injured to fight recklessly!
You are too injured to fight recklessly!
You are too injured to fight recklessly!
You are too injured to fight recklessly!
You are too injured to fight recklessly!
You are too injured to fight recklessly!
You are too injured to fight recklessly!
You are too injured to fight recklessly!
You are too injured to fight recklessly!
Unknown command.
The ogre attacks as you move away! The ogre hits you with a +0 giant club!
* * * LOW HITPOINT WARNING * * *
The ogre attacks as you move away! The ogre barely misses you.
You can't go up here!
The ogre hits you with a +0 giant club!!
You die...

##### ##...##
##########.....##
##†..$...........##########
#................#.........
#..#######.....<.#.########
#.. #.....O.#.# ...
##.....@#.######## ...
##.#............# ...
#..##.#.######.# ...
##.#.#>#.# #.# ...
##(###..#.# #.# #.## ##...#
#.# ##.###..### #.# {
##.#.#.# #.# #######..##.#
#.#


You could see an ogre.

Vanquished Creatures
  Menkaure (D:4)
  A kobold brigand (Sewer)
  3 orc priests
  A hound (D:5)
  An iguana (D:4)
  2 orc wizards (D:4)
  6 adders
  4 river rats (Sewer)
  2 worms (D:3)
  3 dart slugs
  12 orcs
  6 bats
  6 endoplasms
  3 giant cockroaches
  9 goblins
  5 hobgoblins
  3 quokkas
  9 ball pythons
  4 frilled lizards
  17 kobolds
  25 rats
123 creatures vanquished.

Notes
Turn   | Place    | Note
-------+----------+-------------------------------------------
     0 | D:1      | Descartes the Formicid Fighter began the quest for the Orb.
     0 | D:1      | Reached XP level 1. HP: 18/18 MP: 1/1
   212 | D:1      | Reached XP level 2. HP: 24/24 MP: 2/2
   714 | D:1      | Reached XP level 3. HP: 28/29 MP: 3/3
   826 | D:1      | Found a faded altar of an unknown god.
  1444 | D:2      | Reached XP level 4. HP: 34/37 MP: 4/4
  1537 | D:2      | Identified the +2 ring mail "Haeczemn" {*Corrode rC+
                  | Will+++ Str+4}
  1540 | D:2      | Reached skill level 1 in Spellcasting
  1540 | D:2      | Reached skill level 1 in Evocations
  1549 | D:2      | Reached XP level 5. HP: 25/42 MP: 2/6
  1679 | D:2      | Found a hazy altar of Hepliaklqana.
  1938 | D:3      | Found a glowing drain.
  1956 | Sewer    | Entered a sewer
  2282 | Sewer    | Reached skill level 5 in Shields
  2327 | Sewer    | Noticed a kobold brigand
  2333 | Sewer    | Killed a kobold brigand
  2334 | Sewer    | Reached XP level 6. HP: 43/48 MP: 8/8
  2803 | D:3      | Identified the +2 leather armour of Indemnity {Regen+ Int+3
                  | Slay+3}
  2823 | D:3      | Found a radiant altar of Vehumet.
  2823 | D:3      | Found a basalt altar of Yredelemnul.
  3299 | D:4      | Found a glowing silver altar of Zin.
  3549 | D:4      | Reached XP level 7. HP: 55/55 MP: 10/10
  3595 | D:4      | Identified the ring "Kulitos" {rC+ rN+ SInv}
  3670 | D:4      | Noticed Menkaure
  3677 | D:4      | Killed Menkaure
  4206 | D:4      | Found a sacrificial altar of Ru.
  4235 | D:5      | Entered Level 5 of the Dungeon
  4368 | D:5      | Slain by an ogre

Illustrated notes

Levels and vault maps discovered:
D:1:      dreamdust_arrival_sigmund_warning, layout_rooms,
          shapermc_ecumenical_altar_notcrosses, minmay_pentomino_x2
D:2:      cheibrodos_pilgrimage, layout_loops_ring, basic_altar
D:3:      layout_basic, grunt_temple_overflow_open, cheibrodos_sewer_entry_bend
D:4:      layout_basic, nicolae_ru_the_path_less_chosen,
          mainiacjoe_overflow_tiny_flanked, uniq_menkaure
D:5:      layout_loops_ring, serial_bayou_pond_a

Skill      XL: |  1  2  3  4  5  6 |
---------------+-------------------+-----
Spellcasting   | 1 2 |  2.7
Evocations     | 1 2 |  2.9
Fighting       | 4 |  4.7
Armour         | 4 |  4.8
Shields        | 5 |  5.8
Axes           | 3 |  3.7

Action                   |  1- 3 |  4- 6 |  7- 9 || total
-------------------------+-------+-------+-------++-------
Melee: War axe           |    86 |   138 |    33 ||   257
  Use: Scroll            |       |     2 |       ||     2
Armor: Scale mail        |    35 |       |       ||    35
       Chain mail        |     1 |    99 |    22 ||   122
Dodge: Dodged            |    30 |    52 |     9 ||    91
Block: Buckler           |    21 |    33 |    11 ||    65
